 Dungeon Crawl Stone Soup version 0.27.1 (webtiles) character file.

Game seed: 15488504089942925264

30 karkarkar the Conjurer (level 3, 0/26 HPs)
             Began as a Draconian Conjurer on Aug 29, 2021.
             Slain by a goblin (1 damage)
             ... led by Robin
             ... on level 2 of the Dungeon.
             The game lasted 00:02:40 (1164 turns).

karkarkar the Conjurer (Draconian Conjurer)         Turns: 1164, Time: 00:02:41

Health: 0/26       AC:  5    Str:  9    XL:     3   Next: 3%
Magic:  0/6        EV: 12    Int: 18    God:
Gold:   50         SH:  0    Dex: 10    Spells: 3/6 levels left

rFire    . . .     SeeInvis .   c - +0 hand axe
rCold    . . .     Faith    .   (no shield)
rNeg     . . .     Spirit   .   (armour unavailable)
rPois    .         Reflect  .   (helmet restricted)
rElec    .         Harm     .   (no cloak)
rCorr    .         Rampage  .   (no gloves)
Will     .....                  (no boots)
Stlth    ++........             (no amulet)
HPRegen  0.08/turn              (no ring)
MPRegen  0.10/turn              (no ring)

@: no status effects
A: AC +5, unfitting armour, cold-blooded
a: no special abilities


You were on level 2 of the Dungeon.
You visited 1 branch of the dungeon, and saw 2 of its levels.

You collected 50 gold pieces.

Inventory:

Hand Weapons
 c - a +0 hand axe (weapon)
Scrolls
 a - a scroll of enchant armour {unknown}
 b - 2 scrolls of vulnerability {unknown}
 d - a scroll of torment {unknown}
 e - a scroll of noise {unknown}


   Skills:
 + Level 1.9 Dodging
 + Level 1.9 Stealth
 + Level 2.1 Spellcasting
 + Level 4.8 Conjurations


You had 3 spell levels left.
You knew the following spells:

 Your Spells              Type           Power      Damage    Failure   Level
a - Magic Dart            Conj           76%        1d6       2%          1
b - Searing Ray           Conj           38%        3d4       3%          2

Your spell library contained the following spells:

 Spells                   Type           Power      Damage    Failure   Level
 Dazzling Flash           Conj/Hex       20%        N/A       21%         3
 Fulminant Prism          Conj/Hex       5%         3d7       54%         4
 Iskenderun's Mystic Bla  Conj/Tloc      10%        2d4       54%         4


Dungeon Overview and Level Annotations

Branches:
Dungeon (2/15)

Altars:

Annotations:
D:2 Robin


Innate Abilities, Weirdness & Mutations

Your plain brown scales are hard. (AC +5)
You cannot fit into any form of body armour.
You are cold-blooded and may be slowed by cold attacks.


Message History

The goblin hits you with a +1 dagger of pain.
* * * LOW HITPOINT WARNING * * *
The goblin barely misses you. Robin throws the goblin at you!
The goblin barely misses you.
You barely miss the goblin.
The goblin is moderately wounded.
You hit the goblin but do no damage. You hit the goblin.
You kill the goblin!
You closely miss the goblin. The goblin hits you but does no damage.
The goblin hits you with a +0 dagger.
* * * LOW HITPOINT WARNING * * *
Robin roars a battlecry!
The goblins go into a battle-frenzy!
The goblin hits you but does no damage. The goblin closely misses you.
The goblin barely misses you. The goblin hits you with a +0 dagger.
* * * LOW HITPOINT WARNING * * *
You hear a shout!
You are too injured to fight recklessly!
Aiming: Searing Ray (safe; 3% risk of failure)
Press: ? - help, Q - select action, (/) - cycle Shift-Dir - straight line, f - goblin
Aim: a goblin, wielding a +0 dagger (strong, 72% to hit)
The searing ray hits the goblin!
You kill the goblin!
The searing ray hits the goblin!
You kill the goblin!
The searing ray hits Robin.
Robin is lightly wounded. (Press . to maintain the ray.) Robin throws the goblin at you!
The goblin barely misses you. The goblin closely misses you.
The goblin hits you with a +0 dagger.
* * * LOW HITPOINT WARNING * * *
You have reached level 3!
Your experience leads to an increase in your attributes!
Increase (S)trength, (I)ntelligence, or (D)exterity?
You feel agile.
Your scales feel tougher.
You hit the goblin but do no damage.
The goblin is moderately wounded.
You hit the goblin. You completely miss the goblin.
You hit the goblin but do no damage. The goblin hits you with a +0 club.
You die...

#. .. .# . ## .. ##.. ##
##.g. .##### .##.)#g
##g.##.# ..##.gg# ##@g#
... ... #..##g). ##gg##
#.# ... #..#...##)o###
#.# #.# #......g.##.# #.#
#†.
##...#...#..###.#####.#
#h#
##....##........<....#
#.#
##..##.######.#########.#
##..#.# #.#......†...
##...# #.#.#######.#


You could see Robin, an orc and 4 goblins.

Vanquished Creatures
  A dart slug (D:1)
  A ball python (D:1)
  A bat (D:1)
  2 endoplasms (D:1)
  8 goblins
  A hobgoblin (D:2)
  3 jackals (D:2)
  2 quokkas
  A frilled lizard (D:1)
  2 rats
22 creatures vanquished.

Notes
Turn   | Place    | Note
-------+----------+-------------------------------------------
     0 | D:1      | karkarkar the Draconian Conjurer began the quest for the
                  | Orb.
     0 | D:1      | Reached XP level 1. HP: 14/14 MP: 3/3
   116 | D:1      | Found a faded altar of an unknown god.
   453 | D:1      | Reached XP level 2. HP: 20/20 MP: 0/5
  1146 | D:2      | Learned a level 2 spell: Searing Ray
  1149 | D:2      | Noticed Robin
  1163 | D:2      | HP: 1/20 [goblin[Robin] (2)]
  1164 | D:2      | Reached XP level 3. HP: 1/26 MP: 0/6
  1164 | D:2      | Slain by a goblin

Illustrated notes

Levels and vault maps discovered:
D:1:      dpeg_arrival_pond, layout_loops_ring,
          shapermc_ecumenical_altar_mp_ritualfount, grunt_decor_clamped
D:2:      minmay_alternating_diamond, layout_loops_ring, uniq_robin,
          uniq_natasha

Action                   || total
-------------------------++-------
Melee: Unarmed           ||     3
       Tailslap          ||     2
       Hand axe          ||    15
 Cast: Magic Dart        ||    31
       Searing Ray       ||     3
Armor: Skin              ||    11
Dodge: Dodged            ||    27
